 Dungeon Crawl Stone Soup version 0.17.0-28-g6e173f8 (console) character file.

122 Kloppie the Skirmisher (level 5, -2/43 HPs)
             Began as a Formicid Fighter on Nov 24, 2015.
             Slain by Crazy Yiuf
             ... wielding a +3 quarterstaff of chaos
              (10 damage)
             ... on level 3 of the Dungeon.
             The game lasted 00:02:55 (1515 turns).

Kloppie the Skirmisher (Formicid Fighter)           Turns: 1515, Time: 00:02:55

Health: -2/43      AC:  7    Str: 21    XL:     5   Next: 27%
Magic:  5/5        EV:  7    Int:  7    God:
Gold:   105        SH:  9    Dex: 11    Spells: 0 memorised, 4 levels left

rFire  . . .     SeeInvis +     a - +0 war axe
rCold  . . .     Clarity  .     b - +0 scale mail
rNeg   . . .     SustAt   .     c - +0 shield
rPois  .         Gourm    .     (helmet unavailable)
rElec  .         Spirit   .     (no cloak)
rCorr  .         Warding  .     (no gloves)
rMut   .         Stasis   +     (no boots)
MR     .....                    (no amulet)
Stlth  ..........               (no ring)
                                (no ring)

@: not resistant to hostile enchantments, extremely unstealthy
A: permanent stasis, dig shafts and tunnels, four strong arms, antennae 3
a: Dig, Shaft Self


You were on level 3 of the Dungeon.
You were very hungry.

You visited 1 branch of the dungeon, and saw 3 of its levels.

You collected 105 gold pieces.

Inventory:

Hand Weapons
 a - a +0 war axe (weapon)
Armour
 b - a +0 scale mail (worn)
 c - a +0 shield (worn)
Jewellery
 h - an uncursed ring of flight {unknown}
 n - an uncursed ring of flight {unknown}
Scrolls
 f - a scroll of enchant weapon {unknown}
 i - a scroll of enchant armour {unknown}
 j - 2 scrolls of identify {unknown}
 k - 2 scrolls of teleportation {unknown}
 l - a scroll of recharging {unknown}
 m - 2 scrolls of remove curse {unknown}
 o - a scroll of amnesia {unknown}
Potions
 d - 2 potions of might
 g - 3 potions of brilliance {unknown}
 q - a potion of resistance {unknown}
 r - a potion of curing {unknown}
 s - a potion of haste {unknown}
 t - a potion of mutation {unknown}
Books
 p - a book of Minor Magic

   Spells                             Type                      Level
   a - Magic Dart                     Conjuration                  1
   b - Blink                          Translocation                2
   c - Call Imp                       Summoning                    2
   d - Repel Missiles                 Charms/Air                   2
   e - Slow                           Hexes                        2
   f - Conjure Flame                  Conjuration/Fire             3
   g - Mephitic Cloud                 Conjuration/Poison/Air       3
Comestibles
 e - 3 bread rations


   Skills:
 + Level 4.6 Fighting
 + Level 3.2 Axes
 + Level 4.2 Armour
 - Level 3.6 Shields


You had 4 spell levels left.
You didn't know any spells.

Dungeon Overview and Level Annotations

Branches:
Dungeon (3/15)

Altars:
Dithmenos
Gozag
Makhleb
Yredelemnul

Annotations:
D:3 Crazy Yiuf


Innate Abilities, Weirdness & Mutations

You are under a permanent stasis effect.
You can dig through walls and to a lower floor.
Your four strong arms can wield two-handed weapons with a shield.
You have a pair of large antennae on your head (SInv).


Message History

Crazy Yiuf barely misses you.
You hit Crazy Yiuf.
Crazy Yiuf is moderately wounded.
Crazy Yiuf hits you with a quarterstaff of chaos.
You barely miss Crazy Yiuf.
Crazy Yiuf is moderately wounded.
Crazy Yiuf hits you with a quarterstaff of chaos!
* * * LOW HITPOINT WARNING * * *
Crazy Yiuf burns you.
* * * LOW HITPOINT WARNING * * *
Crazy Yiuf hits you with a quarterstaff of chaos.
* * * LOW HITPOINT WARNING * * *
You are too injured to fight recklessly!
You are too injured to fight recklessly!
You are too injured to fight recklessly!
You slash Crazy Yiuf!
Crazy Yiuf is almost dead.
Crazy Yiuf screams, "Whiteboard water sanguine!"
Crazy Yiuf hits you with a quarterstaff of chaos!
You die...

####♣♣ ### ##.#..♣♣
♣♣#)))#
#......♣♣♣♣@g)).#
##......)♣))♣#)))#
###..##..)♣)♣♣♣ ###
###### #.....##♣♣♣♣♣
#....# #.###.#
#####....#
#.###.#######
...+....+
#........#..###
#.......
###.##.#......######
##.......
#....#+####.##...#
#........


You could see Crazy Yiuf.

Vanquished Creatures
  An orc wizard (D:3)
  A hound (D:2)
  An adder (D:3)
  An ooze (D:2)
  2 worms
  4 orcs (D:3)
  3 giant cockroaches
  2 goblins
  3 hobgoblins
  5 bats
  A giant gecko (D:3)
  4 giant newts
  9 kobolds
  A rat (D:1)
38 creatures vanquished.

Notes
Turn   | Place    | Note
--------------------------------------------------------------
     0 | D:1      | Kloppie the Formicid Fighter began the quest for the Orb.
     0 | D:1      | Reached XP level 1. HP: 18/18 MP: 1/1
   241 | D:1      | Found an opulent altar of Gozag.
   319 | D:1      | Reached XP level 2. HP: 24/24 MP: 2/2
   748 | D:2      | Reached XP level 3. HP: 28/30 MP: 3/3
   830 | D:2      | Found a burning altar of Makhleb.
   844 | D:2      | Reached skill level 4 in Fighting
   844 | D:2      | Reached XP level 4. HP: 13/37 MP: 4/4
  1421 | D:3      | Found a shadowy altar of Dithmenos.
  1447 | D:3      | Reached XP level 5. HP: 33/43 MP: 5/5
  1452 | D:3      | Found a basalt altar of Yredelemnul.
  1508 | D:3      | Noticed Crazy Yiuf
  1515 | D:3      | Slain by Crazy Yiuf

Action                   |  1- 3 |  4- 6 || total
-------------------------+-------+-------++-------
Melee: War axe           |    67 |    53 ||   120
  Eat: Chunk             |       |     1 ||     1
